cohdb
Replays
Latest Replays
All Replays
Popular Replays
Top Player Replays
Match Explorer
How It Works
Community
CoH3 Stats
Reddit
Sign in to upload your games and track your stats! →
Sign in with Steam
Match 45543645
Unlisted
Match 45543645
Overview
Messages
Build Orders
End
Construct Section Command Post
Infantry Section
Dingo Light Scout Car
Infantry Section
Infantry Section
Construct Platoon Command Post
Humber Armored Car
Infantry Training
Selects Canadian Shock Battlegroup
Selects Attacking Spirit
Selects Canadian Shock Section
Selects Incendiary Munitions
Canadian Shock Section
Construct Company Command Post
Selects Pyrotechnics
Crusader II Medium Tank
Armored Vehicle Training
Unlock Bishop Self-propelled Artillery
Selects Churchill Crocodile Heavy Tank
Selects Smoke Operation
Churchill Crocodile Heavy Tank
Smoke Operation
Grenade Package
T.R. Olvadi
Makros
Doctor Guver
MaXiS
0
0
Comments
sign in to comment!
No comments posted yet!